 Dungeon Crawl Stone Soup version 0.22.1-1-ga44c0e5 (webtiles) character file.

134 dvd the Sneak (level 5, 0/31 HPs)
             Began as an Octopode Fire Elementalist on Nov 2, 2018.
             Was an Initiate of Vehumet.
             Slain by a worker ant (8 damage)
             ... on level 4 of the Dungeon.
             The game lasted 00:06:07 (2925 turns).

dvd the Sneak (Octopode Fire Elementalist)          Turns: 2925, Time: 00:06:08

Health: 0/31       AC:  1    Str:  7    XL:     5   Next: 17%
Magic:  7/9        EV: 14    Int: 18    God:    Vehumet [......]
Gold:   222        SH:  0    Dex: 13    Spells: 2/9 levels left

rFire    . . .     SeeInvis .   q - +0 dagger (venom)
rCold    . . .     Gourm    .   (no shield)
rNeg     . . .     Faith    .   (helmet restricted)
rPois    .         Spirit   .   (no amulet)
rElec    .         Reflect  .   k - ring of protection from magic
rCorr    .         Harm     .   (no ring)
MR       +....                  (no ring)
Stlth    ++++......             (no ring)
HPRegen  0.10/turn              (no ring)
MPRegen  0.11/turn              (no ring)
                                (no ring)
                                (no ring)

@: lethally poisoned (0 -> -9)
A: almost no armour, stealthy swim, amphibious, 8 rings, constrict 8, camouflage
1, gelatinous body 1
a: Renounce Religion


You were on level 4 of the Dungeon.
You worshipped Vehumet.
Vehumet was noncommittal.
You were not hungry.

You visited 1 branch of the dungeon, and saw 4 of its levels.

You collected 222 gold pieces.

Inventory:

Hand Weapons
 c - a +0 short sword
 q - a +0 dagger of venom (weapon)
Jewellery
 k - a ring of protection from magic (left tentacle)
Scrolls
 d - a scroll of noise {unknown}
 f - 3 scrolls of remove curse {unknown}
 g - 4 scrolls of identify {unknown}
 h - a scroll of enchant weapon {unknown}
 i - a scroll of immolation {unknown}
 j - 2 scrolls of magic mapping {unknown}
 l - a scroll of teleportation {unknown}
 o - 2 scrolls of fog {unknown}
 w - a scroll of enchant armour {unknown}
Potions
 a - 3 potions of curing {unknown}
 e - a potion of heal wounds {unknown}
 m - a potion of magic {unknown}
 n - a potion of might {unknown}
 p - 2 potions of flight {unknown}
 s - a potion of agility {unknown}
 t - a potion of degeneration {unknown}
 u - a potion of resistance {unknown}
 v - 2 potions of lignification {unknown}
 x - a potion of haste {unknown}
Comestibles
 b - 7 rations
 r - 6 chunks of flesh


   Skills:
 + Level 0.1 Short Blades
 + Level 2.4 Dodging
 + Level 4.1 Stealth
 + Level 2.8 Spellcasting
 + Level 2.3 Conjurations
 + Level 3.7 Fire Magic


You had 2 spell levels left.
You knew the following spells:

 Your Spells              Type           Power        Failure   Level  Hunger
a - Flame Tongue          Conj/Fire      ##...        4%          1    None
b - Throw Flame           Conj/Fire      ##....       7%          2    ##.....
c - Sticky Flame          Conj/Fire      ##......     43%         4    ####...

Your spell library contained the following spells:

 Spells                   Type           Power        Failure   Level  Hunger
 Conjure Flame            Conj/Fire      ##......     14%         3    ###....
 Inner Flame              Hex/Fire       #.......     22%         3    ###....
 Fireball                 Conj/Fire      ##........   78%         5    ######.


Dungeon Overview and Level Annotations

Branches:
Dungeon (4/15)
 Temple: D:4-7

Altars:
Vehumet


Innate Abilities, Weirdness & Mutations

You cannot wear most types of armour.
You are very stealthy in the water. (Stealth+)
You are amphibious.
You can wear up to eight rings at the same time.
You can use your tentacles to constrict eight enemies at once.
Your skin changes colour to match your surroundings (Stealth+).
Your rubbery body absorbs attacks. (AC +1, EV +1)


Message History

Confirm with . or Enter, or press ? or * to list all spells.
Aiming: Flame Tongue (safe; 4% risk of failure)
Press: ? - help, Shift-Dir - straight line, f - worker ant
Aim: a worker ant (heavily wounded, poisoned)
The flame tongue misses the worker ant.
The hound barks!
The worker ant bites you.
* * * LOW HITPOINT WARNING * * *
You are lethally poisoned!
The worker ant poisons you!
Casting: Flame Tongue (safe; 4% risk of failure)
Confirm with . or Enter, or press ? or * to list all spells.
Aiming: Flame Tongue (safe; 4% risk of failure)
Press: ? - help, Shift-Dir - straight line, f/p - worker ant
Aim: a worker ant (severely wounded, poisoned)
The flame tongue hits the worker ant.
The worker ant appears unharmed.
The worker ant is severely wounded.
* * * LOW HITPOINT WARNING * * *
You feel sick. The worker ant bites you!
You die...

.........#.# .. ..
...........# .. ..
...........####.###.###
......................
...........#####.##.#
....................#
..........######.##.#
..........# ####..#.#
########... #...@.#.#
### #.(..a#.# #.......#
#....#h.# #....#..#
+....+.>.. #....######
#....# #....#


You could see a hound and a worker ant.

Vanquished Creatures
  A worker ant (D:4)
  4 gnolls (D:3)
  2 oozes
  2 worms
  2 leopard geckos
  4 orcs (D:4)
  A giant cockroach (D:3)
  6 goblins
  6 hobgoblins
  5 kobolds
  2 quokkas (D:2)
  10 bats
  3 frilled lizards
  A leopard gecko skeleton (D:4)
  5 rats
54 creatures vanquished.

Notes
Turn   | Place    | Note
-------+----------+-------------------------------------------
     0 | D:1      | dvd the Octopode Fire Elementalist began the quest for the
                  | Orb.
     0 | D:1      | Reached XP level 1. HP: 11/11 MP: 3/3
   247 | D:1      | Reached XP level 2. HP: 17/17 MP: 3/5
   746 | D:2      | Reached skill level 3 in Stealth
  1079 | D:2      | Reached XP level 3. HP: 21/21 MP: 3/6
  1482 | D:2      | Learned a level 2 spell: Throw Flame
  1843 | D:3      | Reached XP level 4. HP: 27/27 MP: 1/7
  2354 | D:3      | Found a faded altar of an unknown god.
  2415 | D:3      | Found a radiant altar of Vehumet.
  2421 | D:3      | Became a worshipper of Vehumet
  2750 | D:4      | Reached skill level 4 in Stealth
  2750 | D:4      | Reached XP level 5. HP: 31/31 MP: 2/9
  2759 | D:4      | Learned a level 4 spell: Sticky Flame
  2925 | D:4      | Slain by a worker ant

Skill      XL: |  1  2  3  4 |
---------------+-------------+-----
Stealth        | 3 4 |  4.1
Conjurations   | 2 |  2.3
Short Blades   | |  0.1
Dodging        | |  2.4
Spellcasting   | |  2.8
Fire Magic     | |  3.7

Action                   |  1- 3 |  4- 6 || total
-------------------------+-------+-------++-------
Melee: Short sword       |     5 |       ||     5
       Constrict         |     2 |       ||     2
       Tentacles         |     2 |       ||     2
       Dagger            |       |     3 ||     3
 Cast: Flame Tongue      |    47 |    32 ||    79
       Throw Flame       |     7 |    15 ||    22
 Stab: Sleeping          |     2 |       ||     2
  Eat: Chunk             |     3 |     5 ||     8
Dodge: Dodged            |    15 |     6 ||    21
